 Dungeon Crawl Stone Soup version 0.31-a0-20-g13bd767e95 (webtiles) character file.

Game seed: 12218564096475772476

185 Bennjico the Shield-Bearer (level 5, -1/47 HPs)
             Began as a Minotaur Fighter on May 13, 2023.
             Slain by a steam dragon (2 damage)
             ... on level 4 of the Dungeon.
             The game lasted 00:04:38 (2370 turns).

Bennjico the Shield-Bearer (Minotaur Fighter)       Turns: 2370, Time: 00:04:38

Health: -1/47      AC:  9    Str: 23    XL:     5   Next: 37%
Magic:  4/4        EV: 10    Int:  5    God:
Gold:   222        SH:  4    Dex:  9    Spells: 4/4 levels left

rFire   . . .        a - +0 war axe
rCold   . . .        c - +0 buckler
rNeg    . . .        b - +1 scale mail
rPois   .            (helmet restricted)
rElec   .            (no cloak)
rCorr   .            g - +0 pair of gloves
SInv    +            (no boots)
Will    .....        (no amulet) Stlth
                     j - ring of see invisible
HPRegen 0.27/turn    (no ring)
MPRegen 0.09/turn

%: no passive effects
@: no status effects
A: horns 2, retaliatory headbutt
a: no special abilities


You were on level 4 of the Dungeon.
You visited 1 branch of the dungeon, and saw 4 of its levels.

You collected 222 gold pieces.

Inventory:

Hand Weapons
 a - a +0 war axe (weapon)
Armour
 b - a +1 scale mail (worn)
 c - a +0 buckler (worn)
 g - a +0 pair of gloves (worn)
Jewellery
 j - a ring of see invisible (left hand)
Wands
 n - a wand of digging (4)
Scrolls
 e - 2 scrolls of teleportation
 i - a scroll of enchant armour
Potions
 d - 2 potions of ambrosia {unknown}
 f - a potion of flight
 h - 2 potions of heal wounds
 k - a potion of berserk rage {unknown}
 l - 2 potions of mutation {unknown}
 m - a potion of curing


   Skills:
 + Level 4.5 Fighting
 + Level 3.7 Axes
 + Level 4.6 Armour
 + Level 2.2 Dodging
 + Level 4.6 Shields


You had 4 spell levels left.
You didn't know any spells.
Your spell library contained the following spells:

 Spells                   Type           Power      Damage    Failure   Level
 Beastly Appendage        Tmut           0%         N/A       83%         1
 Kiss of Death            Conj/Necr      0%         2d5       83%         1
 Wereblood                Tmut           0%         N/A       93%         2
 Confusing Touch          Hex            0%         N/A       99%         3
 Spider Form              Tmut/Pois      0%         N/A       99%         3
 Dispel Undead            Necr           0%         3d6       100%        4


Dungeon Overview and Level Annotations

Branches:
Dungeon (4/15)
 Temple: D:4-7

Altars:


Innate Abilities, Weirdness & Mutations

You have a pair of horns on your head.
You reflexively headbutt those who attack you in melee.


Message History

The steam dragon is lightly wounded.
A jackal comes into view.
The steam dragon bites you but does no damage.
You block the steam dragon's attack.
Unknown command.
You closely miss the steam dragon.
The jackal barks!
You headbutt the steam dragon, but do no damage.
The steam dragon is lightly wounded.
A jackal comes into view.
The steam dragon bites you. You block the steam dragon's attack.
A hobgoblin comes into view.
The steam dragon completely misses you. You furiously retaliate!
You headbutt the steam dragon!
The steam dragon claws you but does no damage.
The jackal moves out of view.
The hobgoblin moves out of view.
You hit the steam dragon.
The steam dragon is heavily wounded.
The steam dragon breathes steam at you. The ball of steam hits you!
You hear a bark!
You hear a shout!
Unknown command.
The steam dragon barely misses you. You furiously retaliate!
You headbutt the steam dragon! The steam dragon closely misses you.
You feel much better.
You are engulfed in a cloud of scalding steam.
The jackal barks!
The jackal is engulfed in a cloud of scalding steam.
The jackal dies!
The steam dragon bites you. The steam dragon misses you.
Unknown command.
The steam dragon breathes steam at you. The ball of steam hits you!
* * * LOW HITPOINT WARNING * * *
You closely miss the steam dragon.
The steam dragon is almost dead.
You are engulfed in a cloud of scalding steam.
* * * LOW HITPOINT WARNING * * *
The steam dragon bites you.
You die...

#.. #...
#.. #....
#.# .....
###.##)....
#..<.......
#..........
#..........
#.D§..#....
#.@.h......
#.§........
#$§........
#..........
######.....
#.... #...
###


You could see a steam dragon (catching breath) and a jackal.

Vanquished Creatures
  An orc priest (D:3)
  2 orc wizards (D:2)
  3 adders
  A worm (D:2)
  9 orcs
  8 ball pythons
  8 bats
  5 endoplasms
  A giant cockroach (D:1)
  9 hobgoblins
  7 kobolds
  2 quokkas (D:1)
  7 frilled lizards
  3 goblins
  4 rats
70 creatures vanquished.

Vanquished Creatures (others)
  A goblin (D:4)
  A jackal (D:4)
2 creatures vanquished.

Grand Total: 72 creatures vanquished

Notes
Turn   | Place    | Note
-------+----------+-------------------------------------------
     0 | D:1      | Bennjico the Minotaur Fighter began the quest for the Orb.
     0 | D:1      | Reached XP level 1. HP: 19/19 MP: 0/0
    93 | D:1      | Reached XP level 2. HP: 27/27 MP: 1/1
   237 | D:1      | Reached skill level 1 in Dodging
   383 | D:1      | Reached XP level 3. HP: 30/33 MP: 2/2
   752 | D:2      | Reached XP level 4. HP: 24/40 MP: 3/3
  1645 | D:3      | Reached XP level 5. HP: 36/47 MP: 4/4
  2358 | D:4      | Noticed a steam dragon
  2370 | D:4      | HP: 1/47 [steam dragon] (4)]
  2370 | D:4      | Slain by a steam dragon

Illustrated notes

Levels and vault maps discovered:
D:1:      minmay_arrival_loop, layout_basic
D:2:      layout_loops_ring, roderic_roman_lattice
D:3:      layout_basic
D:4:      layout_rooms

Skill      XL: |  1  2  3  4 |
---------------+-------------+-----
Dodging        | 1 2 |  2.2
Fighting       | 4 |  4.5
Shields        | 4 |  4.6
Armour         | 4 |  4.6
Axes           | 3 |  3.7

Action                     |  1- 3 |  4- 6 || total
---------------------------+-------+-------++-------
  Melee: War axe           |    79 |    82 ||   161
         Headbutt          |     7 |     9 ||    16
    Use: Scroll            |     2 |     6 ||     8
         Potion            |     2 |     1 ||     3
 Armour: Scale mail        |    53 |    41 ||    94
  Dodge: Dodged            |    20 |    41 ||    61
  Block: Buckler           |    19 |    16 ||    35

Table legend: (Time is in decaauts)
 A = Elapsed time spent in this place.
 B = Non-inter-level travel time spent in this place.
 C = Inter-level travel time spent in this place.
 D = Time resting spent in this place.
 E = Time spent auto-exploring this place.
 F = Levels seen in this place.
 G = Mean time per level.
                   A        B        C        D        E       F      G
               +--------+--------+--------+--------+--------+-----+--------+
         Total |   2429 |   2343 |     86 |      5 |   1910 |   4 |  607.2 |
       Dungeon |   2429 |   2343 |     86 |      5 |   1910 |   4 |  607.2 |
               +--------+--------+--------+--------+--------+-----+--------+

Top non-repeatable levels by time:
     D:3: 952 daAuts
     D:2: 844 daAuts
     D:1: 618 daAuts
     D:4: 13 daAuts
